 Dungeon Crawl Stone Soup version 0.31.0-32-g396128a36d (webtiles) character file.

Game seed: 11959094716307724098

21509 Curundu the Severer (level 12, -23/113 HPs)
             Began as a Minotaur Berserker on Apr 14, 2024.
             Was a High Priest of Trog.
             Killed from afar by a fire giant (42 damage)
             ... with a bolt of fire
             ... on level 11 of the Dungeon.
             The game lasted 00:36:36 (11071 turns).

Curundu the Severer (Minotaur Berserker)           Turns: 11071, Time: 00:36:37

Health: -23/113    AC: 20    Str: 27    XL:     12   Next: 54%
Magic:  0/11       EV: 14    Int:  4    God:    Trog [*****.]
Gold:   960        SH:  6    Dex: 10    Spells: 11/11 levels left

rFire   . . .        H - +3 broad axe
rCold   . . .        I - +0 buckler
rNeg    . . .        B - +0 plate armour
rPois   .            (helmet restricted)
rElec   .            i - +0 cloak
rCorr   .            (no gloves)
SInv    .            w - +2 pair of boots
Will    .....        y - amulet of guardian spirit Stlth
                     c - +5 ring of evasion
HPRegen 0.38/turn    x - ring of flight
MPRegen 0.12/turn

%: guardian spirit
@: on berserk cooldown, flying, slowed, very slow
A: horns 2, retaliatory headbutt
a: Renounce Religion, Berserk, Trog's Hand, Brothers in Arms


You were on level 11 of the Dungeon.
You worshipped Trog.
Trog was extremely pleased with you.
You visited 1 branch of the dungeon, and saw 11 of its levels.
You also visited: Bailey.

You collected 960 gold pieces.

Inventory:

Hand Weapons
 a - a +1 hand axe
 g - a +5 great sword of flaming
 H - a +3 broad axe (weapon)
Missiles
 t - 8 boomerangs (quivered)
Armour
 i - a +0 cloak (worn)
 w - a +2 pair of boots (worn)
 B - a +0 plate armour (worn)
 I - a +0 buckler (worn)
Jewellery
 b - a ring of protection from cold
 c - a +5 ring of evasion (left hand)
 p - a +6 ring of dexterity
 x - a ring of flight (right hand)
 y - an amulet of guardian spirit (around neck)
Wands
 k - a wand of charming (3)
 l - a wand of polymorph (3)
 m - a wand of flame (7)
 r - a wand of light (6)
 D - a wand of digging (8)
Scrolls
 e - 10 scrolls of teleportation
 o - a scroll of blinking {unknown}
 s - 4 scrolls of revelation
 u - a scroll of summoning
 G - 2 scrolls of immolation {unknown}
Potions
 d - 4 potions of invisibility
 f - 3 potions of resistance
 h - 6 potions of curing
 j - 5 potions of heal wounds
 n - 3 potions of mutation
 q - 2 potions of lignification {unknown}
 v - 3 potions of haste
 A - a potion of degeneration {unknown}
 C - 5 potions of might
 F - a potion of magic {unknown}


   Skills:
 + Level 12.9 Fighting
 + Level 16.2 Axes
 + Level 0.8 Throwing
 + Level 11.2 Armour
 + Level 4.1 Dodging
 * Level 9.8 Shields


You had 11 spell levels left.
You didn't know any spells.
Your spell library was empty.

Dungeon Overview and Level Annotations

Branches:
Dungeon (11/15)            Temple (0/1) D:6            Lair (0/5) D:10
    Orc (0/2) D:11         Bailey (visited)

Altars:
Gozag
Hepliaklqana
Kikubaaqudgha
Okawaru
Ru
Trog
Uskayaw
Vehumet
Yredelemnul
The Shining One

Shops:
D:2 *   D:10 *


Innate Abilities, Weirdness & Mutations

You have a pair of horns on your head.
You reflexively headbutt those who attack you in melee.


Message History

You see here 2 large rocks.
You hit the cyclops. Your headbutt misses the cyclops.
The cyclops is lightly wounded.
You slash the cyclops! The fire giant casts a spell at you.
The bolt of fire hits you!!! The cyclops hits you!
You slash the cyclops!
The cyclops is moderately wounded.
You slash the cyclops! The cyclops hits you!
You completely miss the cyclops.
The cyclops is moderately wounded.
You slash the cyclops! You slice the cyclops!!
The cyclops is severely wounded.
You slash the cyclops!
You kill the cyclops!
Trog accepts your kill.
You slice the cyclops!!
You kill the cyclops!
Trog accepts your kill.
Found 26 gold pieces.
Things that are here:
4 large rocks; a cyclops corpse You feel a strong urge to attack something.
You are no longer berserk.
You are exhausted.
You feel yourself slow down.
The fire giant points at you and mumbles some strange words.
The bolt of fire misses you.
There is an open door, spattered with blood here.
You see here 2 large rocks.
The fire giant gestures at you while chanting.
The fireball explodes!
The fireball engulfs you!!
* * * LOW HITPOINT WARNING * * *
Things that are here:
a +0 dire flail; a +0 dire flail
There is an open door here.
The fire giant points at you and mumbles some strange words.
The bolt of fire hits you!!!
You die...

##......§§≈##.###+##
#).......§##.##...#
#.......§###.##...#
#........# #.##...#
#........# #.##...#
##........# #..((..#
..........# ####(..#
#........## #...#
##.......# #@..#
#.......# ##'##
#..P...## #.#
#......# #C#
#...##.# ###'##(##
#...#### #.....((#
#...# #.......#
##### #..C....#
#.......#


You could see a fire giant.

Vanquished Creatures
  An ettin (D:11)
  3 two-headed ogres (D:11)
  13 cyclopes
  A manticore (D:11)
  2 kobold demonologists (D:11)
  2 komodo dragons
  3 trolls
  4 shadows (D:11)
  A wraith (D:11)
  7 yaks
  2 wyverns
  2 wargs (D:11)
  Menkaure (D:7)
  An acid dragon (D:10)
  2 water moccasins
  3 orc warriors
  2 sky beasts
  4 ice beasts
  5 black bears
  4 wolves (D:11)
  An ogre (D:5)
  4 centaurs
  2 phantoms
  3 kobold brigands
  A scorpion (D:5)
  13 killer bees
  5 howler monkeys
  A lava snake (D:11)
  A hound (D:4)
  8 orc priests
  An iguana (D:6)
  10 orc wizards
  6 ogre zombies (D:11)
  12 adders
  15 gnolls
  A shadow imp (D:5)
  4 ufetubi
  5 dart slugs
  3 ribbon worms (D:5)
  44 orcs
  10 endoplasms
  A giant cockroach (D:4)
  2 gnoll zombies (D:11)
  8 goblins
  2 hobgoblins
  16 kobolds
  6 quokkas
  12 ball pythons
  6 bats
  4 gnoll skeletons (D:11)
  13 orc zombies (D:11)
  2 rats (D:3)
285 creatures vanquished.

Vanquished Creatures (others)
  An orc wizard (D:10)
1 creature vanquished.

Grand Total: 286 creatures vanquished

Notes
Turn   | Place    | Note
-------+----------+-------------------------------------------
     0 | D:1      | Curundu the Minotaur Berserker began the quest for the Orb.
     0 | D:1      | Reached XP level 1. HP: 19/19 MP: 0/0
   369 | D:1      | Found a faded altar of an unknown god.
   664 | D:2      | Reached skill level 4 in Axes
   774 | D:2      | Reached XP level 2. HP: 27/27 MP: 1/1
   782 | D:2      | Found Ytuxuud's Assorted Antiques.
  1307 | D:3      | Noticed a phantom
  1322 | D:3      | Killed a phantom
  1323 | D:3      | Reached skill level 5 in Axes
  1323 | D:3      | Reached XP level 3. HP: 18/34 MP: 2/2
  1323 | D:3      | Reached XP level 4. HP: 22/41 MP: 3/3
  1416 | D:3      | Found an ancient bone altar of Kikubaaqudgha.
  1434 | D:3      | Reached ** piety under Trog
  1463 | D:3      | Found a sacrificial altar of Ru.
  1565 | D:3      | Reached skill level 1 in Shields
  1565 | D:3      | Reached XP level 5. HP: 47/47 MP: 4/4
  1975 | D:3      | Found a radiant altar of Vehumet.
  1984 | D:3      | Found an iron altar of Okawaru.
  2154 | D:4      | Reached skill level 5 in Fighting
  2195 | D:4      | Noticed a centaur
  2206 | D:4      | Killed a centaur
  2207 | D:4      | Reached skill level 6 in Axes
  2207 | D:4      | Reached XP level 6. HP: 52/56 MP: 5/5
  2239 | D:4      | Found a basalt altar of Yredelemnul.
  2454 | D:4      | Found a bloodstained altar of Trog.
  2830 | D:5      | Entered Level 5 of the Dungeon
  3023 | D:5      | Reached XP level 7. HP: 61/61 MP: 6/6
  3047 | D:5      | Reached *** piety under Trog
  3048 | D:5      | Reached skill level 7 in Axes
  3857 | D:5      | Reached skill level 5 in Armour
  4031 | D:5      | Found a hide-covered altar of Uskayaw.
  4043 | D:5      | Found a hazy altar of Hepliaklqana.
  4215 | D:6      | Reached XP level 8. HP: 55/70 MP: 7/7
  4481 | D:6      | Reached skill level 8 in Axes
  4565 | D:6      | Found a staircase to the Ecumenical Temple.
  4726 | D:6      | Reached skill level 5 in Shields
  4765 | D:6      | Noticed a cyclops
  4781 | D:6      | Killed a cyclops
  4782 | D:6      | Reached skill level 9 in Axes
  5341 | D:7      | Reached XP level 9. HP: 75/78 MP: 8/8
  5510 | D:7      | Noticed Menkaure
  5516 | D:7      | Killed Menkaure
  6329 | D:8      | Reached skill level 10 in Axes
  6894 | D:8      | Found a glowing golden altar of the Shining One.
  6920 | D:8      | Found an opulent altar of Gozag.
  7358 | D:9      | Noticed a troll
  7374 | D:9      | Killed a troll
  7635 | D:9      | Reached XP level 10. HP: 65/88 MP: 7/9
  8125 | D:10     | Entered Level 10 of the Dungeon
  8153 | D:10     | Reached skill level 11 in Axes
  8179 | D:10     | Reached **** piety under Trog
  8478 | D:10     | Found Hafebb's Assorted Antiques.
  8593 | D:10     | Found a flagged portal.
  8603 | Bailey   | Entered a bailey
  9080 | D:10     | Reached skill level 13 in Axes
  9080 | D:10     | Reached XP level 11. HP: 100/100 MP: 10/10
  9248 | D:10     | Reached skill level 14 in Axes
  9468 | D:10     | Found a staircase to the Lair.
  9650 | D:11     | Noticed an ettin
  9662 | D:11     | Noticed a two-headed ogre
  9669 | D:11     | Killed a two-headed ogre
  9670 | D:11     | Reached skill level 10 in Armour
  9868 | D:11     | Found a staircase to the Orcish Mines.
  9904 | D:11     | Reached ***** piety under Trog
  9942 | D:11     | Received a gift from Trog
  9978 | D:11     | Reached skill level 15 in Axes
 10063 | D:11     | Noticed a two-headed ogre
 10068 | D:11     | Killed a two-headed ogre
 10069 | D:11     | Reached XP level 12. HP: 92/112 MP: 7/11
 10323 | D:11     | Found a radiant altar of Vehumet.
 10425 | D:11     | Noticed a two-headed ogre
 10433 | D:11     | Killed a two-headed ogre
 11045 | D:11     | Noticed an ettin
 11054 | D:11     | Killed an ettin
 11055 | D:11     | Reached skill level 16 in Axes
 11059 | D:11     | Noticed a fire giant
 11071 | D:11     | Killed from afar by a fire giant

Illustrated notes

Levels and vault maps discovered:
D:1:      scummos_arrival_forest, layout_basic,
          hellmonk_ecumenical_altar_zigzags
D:2:      layout_basic, serial_shops, shop, minmay_heptomino_d4
D:3:      minmay_diamond_boxcup, layout_basic, mainiacjoe_overflow_paths,
          lemuel_round_altar, amethyst_overflow_temple_binary
D:4:      layout_rooms, amcnicky_altar_gilded, nicolae_overflow_hidden_temple,
          hex_large, minmay_misc_feat_room, st_stairs_6,
          minmay_a_box_with_orc_wizards_in_it
D:5:      layout_gridville, jmf_multi_god_temple2, nicolae_fountain_basement
D:6:      minmay_cornered_nines, layout_rooms, minmay_temple_entry_fiery,
          chequers_serial_rivers_room_b
D:7:      layout_loops_corners, kennysheep_generic_room_11, uniq_menkaure
D:8:      nicolae_hitomezashi [nicolae_hito_row, nicolae_hito_row,
          nicolae_hito_row, nicolae_hito_row, nicolae_hito_row,
          nicolae_hito_row, nicolae_hito_row, nicolae_hito_row,
          nicolae_hito_row, nicolae_hito_row, nicolae_hito_row,
          nicolae_hito_row, nicolae_hito_row, nicolae_hito_row,
          nicolae_hito_row, nicolae_hito_row, nicolae_hito_row,
          nicolae_hito_row], layout_rooms, mainiacjoe_overflow_two_lobes
D:9:      layout_gridville
D:10:     layout_loops_ring, grunt_lair_entry_orc_guard_hut, serial_shops,
          nicolae_shop_statue_plus, enter_bailey_3, amcnicky_mini_pool_small
D:11:     giant_chief_lemuel, layout_loops_ring, zombieorc1_lemuel,
          serial_park_tiny_1, vehumet_crystals

Skill      XL: |  1  2  3  4  5  6  7  8  9 10 11 12 |
---------------+-------------------------------------+-----
Axes           | 4 5 6 7 9 10 13 15 16 | 16.2
Fighting       | 4 5 6 7 11 12 | 12.9
Armour         | 3 4 5 7 9 10 11 | 11.2
Shields        | 1 2 3 4 5 7 8 9 |  9.8
Dodging        | 3 4 |  4.1
Throwing       | |  0.8

Action                     |  1- 3 |  4- 6 |  7- 9 | 10-12 || total
---------------------------+-------+-------+-------+-------++-------
  Melee: Hand axe          |    46 |   144 |   279 |   177 ||   646
         Headbutt          |     6 |    21 |    65 |    81 ||   173
         Punch             |       |     1 |     3 |     4 ||     8
         Broad axe         |       |       |       |   147 ||   147
  Throw: Boomerang         |       |       |       |     4 ||     4
 Invoke: Trog's Hand       |       |     2 |     5 |     4 ||    11
         Berserk           |       |       |     2 |     3 ||     5
    Use: Scroll            |       |       |    15 |     8 ||    23
         Potion            |       |       |       |     1 ||     1
   Stab: Distracted        |       |     1 |       |       ||     1
 Armour: Animal skin       |    16 |       |       |       ||    16
         Chain mail        |    20 |   133 |   158 |       ||   311
         Plate armour      |       |       |    90 |   249 ||   339
  Dodge: Dodged            |    24 |    75 |   206 |   220 ||   525
  Block: Buckler           |       |       |       |    19 ||    19
